 Dungeon Crawl Stone Soup version 0.28-a0-60-g54b5640690 (webtiles) character file.

Game seed: 7131199403118606974

9291 emm the Cleaver (level 11, 0/84 HPs)
             Began as a Demonspawn Gladiator on July 31, 2021.
             Was an Elder of Okawaru.
             Slain by a cane toad (18 damage)
             ... on level 1 of the Lair of Beasts.
             The game lasted 00:16:24 (12395 turns).

emm the Cleaver (Demonspawn Gladiator)             Turns: 12395, Time: 00:16:25

Health: 0/84       AC: 10    Str: 15    XL:     11   Next: 21%
Magic:  12/12      EV: 19    Int: 10    God:    Okawaru [****..]
Gold:   617        SH:  0    Dex: 17    Spells: 10/10 levels left

rFire   . . .      SeeInvis .   a - +0 war axe
rCold   . . .      Faith    .   (no shield)
rNeg    . . .      Spirit   .   A - +0 steam dragon scales
rPois   +          Reflect  .   c - +0 helmet
rElec   .          Harm     .   (no cloak)
rCorr   +          Rampage  .   (no gloves)
Will    .....                   (no boots)
Stlth   ++++......              (no amulet)
HPRegen 0.24/turn               h - ring of poison resistance
MPRegen 0.13/turn               e - ring of resist corrosion

@: heroic, slowed, very slow
A: talons 2, molten scales 1, ignite blood 1, powered by pain 1
a: Renounce Religion, Heroism


You were on level 1 of the Lair of Beasts.
You worshipped Okawaru.
Okawaru was greatly pleased with you.
You visited 3 branches of the dungeon, and saw 12 of its levels.

You collected 617 gold pieces.

Inventory:

Hand Weapons
 a - a +0 war axe (weapon)
Missiles
 d - 2 throwing nets (quivered)
Armour
 b - a +0 leather armour
 c - a +0 helmet (worn)
 l - a +3 leather armour
 A - +0 steam dragon scales (worn)
Jewellery
 e - a ring of resist corrosion (right hand)
 h - a ring of poison resistance (left hand)
 v - a ring of protection from cold
Wands
 x - a wand of paralysis (16)
 y - a wand of acid (7)
 z - a wand of flame (26)
 E - a wand of digging (8)
 F - a wand of iceblast (7)
 I - a wand of mindburst (21)
 K - a wand of polymorph (13)
Scrolls
 f - 5 scrolls of immolation {unknown}
 i - 4 scrolls of blinking {unknown}
 j - 2 scrolls of enchant armour {unknown}
 k - 3 scrolls of teleportation {unknown}
 r - 4 scrolls of amnesia {unknown}
 s - a scroll of summoning {unknown}
 t - 6 scrolls of identify
 w - 2 scrolls of enchant weapon {unknown}
 D - a scroll of noise {unknown}
 H - a scroll of acquirement {unknown}
 J - 2 scrolls of fog {unknown}
Potions
 g - 3 potions of attraction
 m - a potion of magic
 n - 3 potions of mutation
 o - 3 potions of invisibility
 p - a potion of heal wounds {unknown}
 q - 3 potions of flight {unknown}
 u - 2 potions of cancellation {unknown}
 B - 3 potions of lignification {unknown}
 C - a potion of might {unknown}
 G - a potion of berserk rage {unknown}
 L - 3 potions of curing {unknown}
 M - a potion of resistance {unknown}


   Skills:
 + Level 7.5(12.5) Fighting
 + Level 11.5(16.5) Axes
 + Level 2.0(7.0) Throwing
 + Level 4.2(9.2) Armour
 + Level 7.1(12.1) Dodging
 + Level 4.5(9.5) Stealth
 + Level 2.3 Invocations


You had 10 spell levels left.
You didn't know any spells.
Your spell library contained the following spells:

 Spells                   Type           Power      Damage    Failure   Level
 Shock                    Conj/Air       0%         1d3       36%         1
 Swiftness                Air            0%         N/A       75%         3
 Airstrike                Air            0%         N/A       98%         4
 Olgreb's Toxic Radiance  Pois           0%         N/A       98%         4
 Alistair's Intoxication  Tmut/Pois      0%         N/A       100%        5
 Borgnjor's Vile Clutch   Necr/Erth      0%         N/A       100%        5
 Eringya's Noxious Bog    Tmut/Pois      0%         N/A       100%        6
 Ozocubu's Refrigeration  Ice            0%         4d5       100%        7
 Ignition                 Fire           0%         3d3       100%        8


Dungeon Overview and Level Annotations

Branches:
Dungeon (10/15)            Temple (1/1) D:6            Lair (1/6) D:8
    Orc: D:9-12

Altars:
Ashenzari
Cheibriados
Dithmenos
Elyvilon
Fedhas
Gozag
Hepliaklqana
Kikubaaqudgha
Nemelex Xobeh
Okawaru
Ru
Sif Muna
Trog
Vehumet
Wu Jian
Xom
Zin
The Shining One

Shops:
D:3 [


Innate Abilities, Weirdness & Mutations

You have razor-sharp toenails.
You are partially covered in molten scales. (AC +2)
Your demonic aura sometimes causes spilled blood to erupt in flames.
You sometimes gain a little power by taking damage.


Message History

The rime drake is heavily wounded.
You slash Erica! You hit the cane toad. You slash the fungus!
The rime drake bites you. The cane toad completely misses you.
Erica is engulfed in blazing flames.
You kill Erica!
Okawaru is honoured by your kill. The rime drake barely misses you.
You miss the rime drake. You claw the rime drake!
The rime drake is severely wounded.
You hit the cane toad. You slash the fungus!
A nearby fungus withers and dies.
The cane toad closely misses you. The rime drake bites you.
The cane toad closely misses you.
Unknown command.
You hit the rime drake but do no damage.
The rime drake is severely wounded.
You hit the cane toad but do no damage. The rime drake misses you.
The cane toad closely misses you.
Unknown command.
You hit the rime drake but do no damage.
You claw the rime drake, but do no damage.
The rime drake is severely wounded.
You closely miss the water moccasin. You slash the cane toad!
The rime drake bites you but does no damage.
The cane toad completely misses you. The water moccasin misses you.
Unknown command.
You closely miss the water moccasin. Your kick misses the water moccasin.
You closely miss the cane toad. You hit the rime drake.
The water moccasin bites you but does no damage.
The rime drake bites you but does no damage.
The cane toad stings you.
* * * LOW HITPOINT WARNING * * *
The water moccasin bites you but does no damage.
You slash the rime drake!
You kill the rime drake!
Okawaru accepts your kill.
You hit the cane toad but do no damage. You closely miss the water moccasin.
The cane toad stings you!
* * * LOW HITPOINT WARNING * * *
The water moccasin barely misses you. The cane toad stings you!!
You die...

..#### #...........#
##.#.#### #...........#.
........###............>
..(.....#..............#
........#.#............#
......................#
.........#............#
##)###.####....)†.....#
#.# ### ######@S.####
##.# #○F.# #..### ##...#
..#..#.## #P+.#
........# ...#
.###.#...# ...#
...#...... ...
##.#.##### ..+. ....


You could see a cane toad and a water moccasin.

Vanquished Creatures
  A boulder beetle (D:8)
  Erica (Lair:1)
  Pikel (D:6)
  A cyclops (D:10)
  A rime drake (Lair:1)
  A kobold demonologist (D:5)
  2 komodo dragons (Lair:1)
  2 wyverns
  9 yaks
  2 steam dragons
  2 water moccasins
  An acid dragon (D:10)
  An ice beast (D:8)
  3 orc warriors
  A sky beast (D:6)
  2 necrophages (D:4)
  2 ogres (D:6)
  2 black bears (D:7)
  4 wolves (Lair:1)
  7 centaurs
  3 phantoms
  5 kobold brigands
  3 bullfrogs
  3 scorpions
  2 wyvern zombies
  15 wights
  6 howler monkeys
  A centaur zombie (D:5)
  An orc priest (D:6)
  2 hounds
  A centaur skeleton (D:6)
  An iguana (D:5)
  2 orc wizards
  A hound skeleton (D:5)
  2 howler monkey zombies
  A howler monkey skeleton (D:6)
  A gnoll (D:1)
  6 adders
  A shadow imp (D:6)
  A white imp (D:6)
  A worm (D:3)
  4 dart slugs
  15 orcs
  5 ball pythons
  7 endoplasms
  A giant cockroach (D:3)
  8 goblins
  3 hobgoblins
  3 jackals
  29 kobolds
  3 bats
  6 frilled lizards
  6 rats
195 creatures vanquished.

Vanquished Creatures (others)
  6 fungi
  6 plants
12 creatures vanquished.

Grand Total: 207 creatures vanquished

Notes
Turn   | Place    | Note
-------+----------+-------------------------------------------
     0 | D:1      | emm the Demonspawn Gladiator began the quest for the Orb.
     0 | D:1      | Reached XP level 1. HP: 16/16 MP: 1/1
   161 | D:1      | Reached skill level 3 in Axes
   338 | D:1      | Gained mutation: You have sharp toenails. [demonic
                  | ancestry]
   338 | D:1      | Reached XP level 2. HP: 11/22 MP: 2/2
   971 | D:2      | Reached XP level 3. HP: 24/28 MP: 3/3
  1457 | D:2      | Found a faded altar of an unknown god.
  2095 | D:3      | Gained mutation: You have razor-sharp toenails. [demonic
                  | ancestry]
  2095 | D:3      | Reached XP level 4. HP: 34/34 MP: 4/4
  2504 | D:3      | Found Xeepni's Antique Armour Shop.
  2771 | D:4      | Noticed a centaur
  2778 | D:4      | Killed a centaur
  2779 | D:4      | Reached skill level 4 in Axes
  2779 | D:4      | Reached skill level 1 in Armour
  2779 | D:4      | Gained mutation: You sometimes gain a little power by
                  | taking damage. [demonic ancestry]
  2779 | D:4      | Reached XP level 5. HP: 33/40 MP: 5/5
  2995 | D:4      | Noticed a necrophage
  3006 | D:4      | Killed a necrophage
  3007 | D:4      | Reached skill level 1 in Stealth
  3007 | D:4      | Gained mutation: You are partially covered in molten
                  | scales. (AC +2) [demonic ancestry]
  3007 | D:4      | Reached XP level 6. HP: 46/47 MP: 6/6
  3047 | D:4      | Found a blossoming altar of Fedhas.
  3603 | D:5      | Entered Level 5 of the Dungeon
  3690 | D:5      | Reached skill level 5 in Axes
  3906 | D:5      | Noticed a kobold demonologist
  3913 | D:5      | Noticed a chaos spawn
  3920 | D:5      | Noticed an ice devil
  3947 | D:4      | Reached XP level 7. HP: 36/52 MP: 7/7
  4043 | D:5      | Noticed a red devil
  4049 | D:5      | Killed a kobold demonologist
  4464 | D:5      | Reached skill level 6 in Axes
  4464 | D:5      | Reached XP level 8. HP: 30/60 MP: 8/8
  4721 | D:5      | Identified the +1 plate armour "Hadot" {Regen+ Int+7}
  5568 | D:6      | Found a staircase to the Ecumenical Temple.
  5581 | Temple   | Entered the Ecumenical Temple
  5608 | Temple   | Became a worshipper of Warmaster Okawaru
  5638 | D:6      | Identified the +10 trident of Sin {holy, rC+}
  5773 | D:6      | Reached skill level 7 in Axes
  6183 | D:6      | Reached * piety under Okawaru
  6419 | D:6      | Reached XP level 9. HP: 54/66 MP: 9/9
  6574 | D:7      | Noticed Pikel
  6596 | D:6      | Killed Pikel
  6597 | D:6      | Reached skill level 5 in Fighting
  6597 | D:6      | Reached skill level 8 in Axes
  6597 | D:6      | Reached skill level 5 in Dodging
  7512 | D:7      | Reached skill level 9 in Axes
  7512 | D:7      | Reached skill level 1 in Invocations
  7942 | D:8      | Reached ** piety under Okawaru
  8157 | D:8      | Noticed a boulder beetle
  8499 | D:8      | Killed a boulder beetle
  8500 | D:8      | Reached XP level 10. HP: 57/76 MP: 9/11
  9004 | D:8      | Found a staircase to the Lair.
  9009 | D:8      | Reached *** piety under Okawaru
  9010 | D:8      | Reached skill level 10 in Axes
 10611 | D:10     | Entered Level 10 of the Dungeon
 10749 | D:9      | Reached **** piety under Okawaru
 10770 | D:9      | Reached skill level 11 in Axes
 11392 | D:10     | Noticed a cyclops
 11397 | D:10     | Killed a cyclops
 11553 | D:10     | Gained mutation: Your demonic aura sometimes causes spilled
                  | blood to erupt in flames. [demonic ancestry]
 11553 | D:10     | Reached XP level 11. HP: 83/84 MP: 12/12
 11756 | Lair:1   | Entered Level 1 of the Lair of Beasts
 12373 | Lair:1   | Noticed Erica
 12390 | Lair:1   | Killed Erica
 12395 | Lair:1   | Slain by a cane toad

Illustrated notes

Levels and vault maps discovered:
D:1:      scummos_arrival_simple_crosswalls, layout_rooms
D:2:      layout_basic, chequers_ecumenical_altar_twisty
D:3:      layout_loops_ring, serial_shops, shop
D:4:      layout_loops_ring, mainiacjoe_overflow_catwalk
D:5:      layout_gridville, chequers_arboretum, st_stairs_8
D:6:      layout_loops_ring, minmay_temple_entry_junction, skrybe_limestone_x
D:7:      layout_rooms, uniq_pikel
D:8:      layout_basic, grunt_lair_entry_orc_guard_hut
D:9:      layout_basic
D:10:     layout_roguey, kennysheep_decorative_pillar, lightli_minifort
Temple:   dpeg_three_leaves_temple
Lair:1:   layout_roguey, special_room [special_room_bee], portal_ice_cave_rime,
          uniq_erica

Skill      XL: |  1  2  3  4  5  6  7  8  9 10 11 |
---------------+----------------------------------+-----
Axes           | 3 4 5 6 7 9 11 | 11.5
Dodging        | 3 4 6 7 |  7.1
Armour         | 1 2 3 4 |  4.2
Fighting       | 3 4 6 7 |  7.5
Stealth        | 1 2 3 4 |  4.5
Throwing       | 2 |  2.0
Invocations    | 1 2 |  2.3

Action                   |  1- 3 |  4- 6 |  7- 9 | 10-12 || total
-------------------------+-------+-------+-------+-------++-------
Melee: War axe           |    85 |   105 |   288 |   222 ||   700
       Kick              |     9 |    32 |    92 |    78 ||   211
       Punch             |       |       |     1 |       ||     1
Throw: Throwing net      |       |     1 |     1 |       ||     2
Invok: Heroism           |       |       |    10 |     7 ||    17
  Use: Scroll            |       |       |       |     4 ||     4
 Stab: Held in net/web   |       |       |     2 |       ||     2
       Sleeping          |       |       |     2 |     5 ||     7
Armor: Leather armour    |    31 |    55 |    73 |       ||   159
       Steam dragon scal |       |       |    31 |    56 ||    87
Dodge: Dodged            |    55 |   107 |   267 |   250 ||   679

Table legend: (Time is in decaauts)
 A = Elapsed time spent in this place.
 B = Non-inter-level travel time spent in this place.
 C = Inter-level travel time spent in this place.
 D = Time resting spent in this place.
 E = Time spent auto-exploring this place.
 F = Levels seen in this place.
 G = Mean time per level.
                   A        B        C        D        E       F      G
               +--------+--------+--------+--------+--------+-----+--------+
         Total |  12457 |  12167 |    290 |   1394 |   8694 |  12 | 1038.1 |
       Dungeon |  11782 |  11492 |    290 |   1133 |   8434 |  10 | 1178.2 |
        Temple |     44 |     44 |      0 |      0 |      0 |   1 |   44.0 |
          Lair |    629 |    629 |      0 |    261 |    260 |   1 |  629.0 |
               +--------+--------+--------+--------+--------+-----+--------+

Top non-repeatable levels by time:
     D:6: 1958 daAuts
     D:9: 1697 daAuts
     D:5: 1371 daAuts
     D:8: 1286 daAuts
     D:2: 1183 daAuts
     D:4: 948 daAuts
    D:10: 878 daAuts
     D:1: 868 daAuts
     D:7: 832 daAuts
     D:3: 756 daAuts
  Lair:1: 629 daAuts
  Temple: 44 daAuts
